AoeStats
← WILL.I.AM

Pilgrims

509529428Analyzed
3v3 RM · 6d ago on Sep 27, 2026· 34m 35s· 6 players
Game mode
Random Map
Map size
Normal (6 player)
Population
200
Speed
Normal
Resources
Standard
Victory
Conquest
Starting age
Dark Age
Ending age
Imperial Age
RankedLock teamsTeams togetherTeam positionsShared explorationLock speedFull tech treeHidden civsTurbo modeCheats
Victory
Defeat
🇨🇴 Dravidians · Colombia
1155
+17
🇺🇸 Turks · United States
1134
+18
🇺🇸 Wei · United States
1118
+18
🇺🇾 Vikings · Uruguay
1217
-20
🇺🇸 Goths · United States
1160
-17
🇳🇿 Saracens · New Zealand
1141
-16
cm2of4
14:33 Feudal Age
13:01 Loom
15:01 Town Watch
16:09 Fishing Lines
19:16 Castle Age
17:26 Stone Mining
19:15 Double-Bit Axe
19:52 Fletching
20:42 Wheelbarrow
27:26 Gold Mining
30:33 Murder Holes
35:15 Hand Cart
micoelchico
12:58 Feudal Age
13:49 Double-Bit Axe
14:40 Wheelbarrow
14:23 Loom
14:56 Fishing Lines
17:44 Castle Age
18:09 Castle Age
16:12 Fletching
17:06 Gold Mining
18:16 Demolition Ship
19:13 Bow Saw
19:20 Hand Cart
19:32 Gillnets
19:47 Bodkin Arrow
20:27 Medium Warships
23:25 Clinker Construction
23:26 Careening
26:59 Stone Mining
27:38 Ballistics
27:09 Guard Tower
28:53 Masonry
31:55 Imperial Age
31:04 Heated Shot
34:38 Heavy Warships
34:41 Bracer
shampoop
11:46 Feudal Age
10:02 Loom
12:17 Double-Bit Axe
12:18 Fishing Lines
12:32 Gold Mining
12:43 Stone Mining
17:30 Castle Age
18:45 Bow Saw
18:17 Horse Collar
19:15 Gold Shaft Mining
22:44 Scale Barding Armor
25:59 Forging
29:32 Iron Casting
29:54 Bloodlines
30:30 Chain Barding Armor
30:57 Husbandry
IsabelSabe
3:29 Loom
10:42 Feudal Age
11:15 Double-Bit Axe
19:18 Castle Age
21:12 Town Watch
WILL.I.AM
10:21 Loom
13:32 Feudal Age
16:24 Double-Bit Axe
17:41 Gold Mining
18:30 Wheelbarrow
19:59 Castle Age
20:54 Bow Saw
21:15 Medium Warships
22:01 Fletching
25:01 Bodkin Arrow
30:35 Imperial Age
28:24 Clinker Construction
28:25 Careening
32:20 Town Watch
33:35 Bracer
BOT [Quaa]
11:17 Feudal Age
12:46 Loom
17:07 Castle Age
15:46 Horse Collar
16:23 Fletching
16:16 Fishing Lines
16:54 Double-Bit Axe
17:57 Bodkin Arrow
20:31 Bow Saw
20:25 Gillnets
20:48 Town Watch
25:22 Town Patrol
26:37 Gold Mining
26:37 Stone Mining
30:06 Imperial Age
27:47 Crossbowman
27:56 Elite Skirmisher
28:39 Padded Archer Armor
29:32 Ballistics
30:32 Arbalester
32:36 Chemistry
Connection lost

Rejoining the realm…

Still unreachable

The connection could not be restored.

Session expired

The server has moved on; the page needs a fresh start.